 Dungeon Crawl Stone Soup version 0.28-a0-474-g535839065c (webtiles) character file.

Game seed: 6197008081183930773

27 frimble the Grasshopper (level 3, -7/24 HPs)
             Began as an Octopode Warper on Sept 16, 2021.
             Mangled by Terence (8 damage)
             ... on level 2 of the Dungeon.
             The game lasted 00:00:58 (1350 turns).

frimble the Grasshopper (Octopode Warper)           Turns: 1350, Time: 00:00:59

Health: -7/24      AC:  1    Str: 10    XL:     3   Next: 10%
Magic:  6/6        EV: 13    Int: 16    God:
Gold:   51         SH:  0    Dex: 11    Spells: 6/6 levels left

rFire   . . .      SeeInvis +   a - +0 short sword
rCold   . . .      Faith    .   (no shield)
rNeg    . . .      Spirit   .   (helmet restricted)
rPois   .          Reflect  .   (no amulet)
rElec   .          Harm     .   e - ring of see invisible
rCorr   .          Rampage  .   (no ring)
Will    .....                   (no ring)
Stlth   ++........              (no ring)
HPRegen 0.08/turn               (no ring)
MPRegen 0.10/turn               (no ring)
                                (no ring)
                                (no ring)

@: no status effects
A: almost no armour, amphibious, 8 rings, camouflage 1, gelatinous body 1,
(nimble swimmer 1), tentacles
a: no special abilities


You were on level 2 of the Dungeon.
You visited 1 branch of the dungeon, and saw 2 of its levels.

You collected 51 gold pieces.

Inventory:

Hand Weapons
 a - a +0 short sword (weapon)
Missiles
 c - 5 boomerangs of dispersal (quivered)
Armour
 d - a +0 buckler
Jewellery
 e - a ring of see invisible (left tentacle)
Scrolls
 b - 2 scrolls of blinking
Potions
 f - a potion of attraction {unknown}
 g - a potion of might {unknown}


   Skills:
 - Level 2.0 Fighting
 + Level 2.8 Short Blades
 - Level 1.0 Throwing
 - Level 2.3 Dodging
 + Level 1.7 Shields
 - Level 2.0 Spellcasting
 - Level 3.0 Translocations


You had 6 spell levels left.
You didn't know any spells.
Your spell library contained the following spells:

 Spells                   Type           Power      Damage    Failure   Level
 Blink                    Tloc           N/A        N/A       9%          2
 Gell's Gravitas          Tloc           5%         N/A       19%         3
 Lesser Beckoning         Tloc           11%        N/A       19%         3
 Teleport Other           Tloc           11%        N/A       19%         3
 Manifold Assault         Tloc           11%        N/A       86%         5


Dungeon Overview and Level Annotations

Branches:
Dungeon (2/15)

Altars:

Annotations:
D:2 Terence


Innate Abilities, Weirdness & Mutations

You cannot wear most types of armour.
You are amphibious.
You can wear up to eight rings at the same time.
Your skin changes colour to match your surroundings (Stealth+).
Your rubbery body absorbs attacks. (AC +1, EV +1)
((You are camouflaged near water. (Stealth+)))
You have tentacles for arms and can constrict up to eight enemies at once.


Message History

Here: Terence, wielding a +0 flail and wearing a +0 scale mail Item here: a quokka corpse.
The floor.
Placed new exclusion.
Unknown command.
You barely miss Terence. You grab Terence.
You constrict Terence, but do no damage.
Terence hits you but does no damage.
You hit Terence but do no damage.
You constrict Terence, but do no damage.
Terence hits you with a +0 flail.
You hit Terence but do no damage. You constrict Terence.
Terence barely misses you.
You hit Terence. You squeeze Terence, but do no damage.
Terence is moderately wounded.
You constrict Terence, but do no damage.
Terence barely misses you.
You completely miss Terence.
Terence is moderately wounded.
You constrict Terence. Terence closely misses you.
You hit Terence but do no damage.
Terence is heavily wounded.
You constrict Terence. Terence hits you with a +0 flail!
You hit Terence.
Terence is severely wounded.
You constrict Terence, but do no damage.
Terence hits you with a +0 flail!
* * * LOW HITPOINT WARNING * * *
You hit Terence but do no damage. You squeeze Terence, but do no damage.
Terence is severely wounded.
You constrict Terence, but do no damage.
Terence barely misses you.
You don't know any spells.
Unknown command.
Unknown command.
You aren't carrying any items that you can evoke.
You hit Terence but do no damage.
Terence is severely wounded.
You constrict Terence. Terence hits you with a +0 flail!
You die...

##. ............).....# ...
########..####.....## #..
................####
###..########..###....######
..............## ###........
#..#.....#### #.......##.
##......### ##.#..####
###..##..#########...<.##
.............@@..†.........
#.......#########.#..###..
#.....#.##### ....## ..
#...........##.##..## .
###########)###.... ....
....<.............. .....
##########...#..... .#####
##.......... #..†........


You could see Terence.

Vanquished Creatures
  A dart slug (D:1)
  A ball python (D:1)
  2 endoplasms
  3 giant cockroaches (D:1)
  2 goblins (D:1)
  2 hobgoblins
  3 kobolds
  2 quokkas
  2 bats
  5 frilled lizards
23 creatures vanquished.

Notes
Turn   | Place    | Note
-------+----------+-------------------------------------------
     0 | D:1      | frimble the Octopode Warper began the quest for the Orb.
     0 | D:1      | Reached XP level 1. HP: 14/14 MP: 3/3
   288 | D:1      | Reached skill level 1 in Shields
   288 | D:1      | Reached XP level 2. HP: 12/19 MP: 5/5
  1100 | D:2      | Reached XP level 3. HP: 22/24 MP: 6/6
  1330 | D:2      | Noticed Terence
  1348 | D:2      | HP: 1/24 [Terence (9)]
  1350 | D:2      | Mangled by Terence

Illustrated notes

Levels and vault maps discovered:
D:1:      psy_arrival_radial01, layout_loops_ring, minmay_misc_feat_rows,
          wad_floor_pattern_untrapped
D:2:      layout_rooms, minmay_misc_feat_five, minmay_pentomino_q4,
          uniq_terence, uniq_natasha

Skill      XL: |  1 |
---------------+----+-----
Shields        | 1 |  1.7
Fighting       | |  2.0
Short Blades   | |  2.8
Throwing       | |  1.0
Dodging        | |  2.3
Spellcasting   | |  2.0
Translocations | |  3.0

Action                   || total
-------------------------++-------
Melee: Short sword       ||    56
       Constrict         ||    13
       Tentacles         ||     9
  Use: Scroll            ||     2
 Stab: Sleeping          ||     5
Armor: Skin              ||     3
Dodge: Dodged            ||    22

Table legend: (Time is in decaauts)
 A = Elapsed time spent in this place.
 B = Non-inter-level travel time spent in this place.
 C = Inter-level travel time spent in this place.
 D = Time resting spent in this place.
 E = Time spent auto-exploring this place.
 F = Levels seen in this place.
 G = Mean time per level.
                   A        B        C        D        E       F      G
               +--------+--------+--------+--------+--------+-----+--------+
         Total |   1347 |   1254 |     93 |      0 |   1094 |   2 |  673.5 |
       Dungeon |   1347 |   1254 |     93 |      0 |   1094 |   2 |  673.5 |
               +--------+--------+--------+--------+--------+-----+--------+

Top non-repeatable levels by time:
     D:1: 1074 daAuts
     D:2: 273 daAuts
